 Dungeon Crawl Stone Soup version 0.17-a0-1793-gcbb3aa1 (webtiles) character file.

4523 Silverbird the Fighter (level 10, -12/93 HPs)
             Began as a White Draconian Skald on Sept 9, 2015.
             Was a Believer of Dithmenos.
             Mangled by Snorg (15 damage)
             ... on level 10 of the Dungeon.
             The game lasted 01:38:39 (9804 turns).

Silverbird the Fighter (White Draconian Skald)      Turns: 9804, Time: 01:38:39

Health: -12/93     AC:  8    Str: 15    XL:     10   Next: 17%
Magic:  6/18       EV: 12    Int: 14    God:    Dithmenos [**....]
Gold:   300        SH:  0    Dex: 15    Spells: 5 memorised, 9 levels left

rFire  . . .     SeeInvis +     s - +2 long sword (holy)
rCold  + . .     Clarity  .     (armour unavailable)
rNeg   . . .     SustAt   .     (no shield)
rPois  .         Gourm    .     (helmet restricted)
rElec  .         Spirit   .     q - +0 cloak
rCorr  .         Warding  .     (no gloves)
rMut   .         Stasis   .     (no boots)
MR     .....                    (no amulet)
Stlth  ++........               D - +3 ring of dexterity
                                C - ring of see invisible

@: singing, very slightly contaminated, regenerating (expiring), wreathed by
umbra, not resistant to hostile enchantments, unstealthy
A: breathe frost, unfitting armour, cold resistance 1, cold-blooded, AC +7
a: Breathe Frost, Shadow Step, Renounce Religion, Stop Singing


You were on level 10 of the Dungeon.
You worshipped Dithmenos.
Dithmenos was pleased with you.
You were hungry.

You visited 2 branches of the dungeon, and saw 11 of its levels.

You collected 450 gold pieces.
You spent 150 gold pieces at shops.

Inventory:

Hand weapons
 a - a +0 falchion
 o - a +3 short sword of venom
 s - a +2 long sword of holy wrath (weapon)
 z - a cursed -3 falchion
 I - a +2 great sword of freezing
Armour
 q - a +0 cloak (worn)
 v - a +0 cloak
Jewellery
 m - an uncursed ring of teleportation
 t - a cursed ring of teleportation
 C - a ring of see invisible (left hand)
 D - a +3 ring of dexterity (right hand)
 G - an uncursed ring of ice
 J - an uncursed amulet of clarity
Magical devices
 H - a wand of polymorph (9)
 M - a wand of frost (16)
 O - a wand of invisibility (0)
 Q - a wand of draining (8)
 V - a wand of frost (31)
Scrolls
 e - a scroll of magic mapping
 j - a scroll of immolation
 r - a scroll of noise
 w - a scroll of enchant weapon {unknown}
 y - 2 scrolls of random uselessness
 A - 2 scrolls of fog
 E - 2 scrolls of remove curse
 K - 2 scrolls of enchant armour
 P - a scroll of recharging {unknown}
 S - 5 scrolls of identify
Potions
 d - a potion of resistance {unknown}
 h - a potion of magic {unknown}
 i - 3 potions of heal wounds {unknown}
 k - 3 potions of degeneration {unknown}
 l - 3 potions of might
 x - a potion of cure mutation {unknown}
 F - a potion of curing
 L - 2 potions of lignification {unknown}
 N - a potion of berserk rage {unknown}
 T - a potion of mutation {unknown}
 U - 2 potions of brilliance {unknown}
 W - a potion of agility {unknown}
Books
 b - a book of Battle

   Spells                             Type                      Level
   a - Infusion                       Charms                       1
   b - Shroud of Golubria             Charms/Translocation         2
   c - Song of Slaying                Charms                       2
   d - Spectral Weapon                Hexes/Charms                 3
   e - Regeneration                   Charms/Necromancy            3
 u - a book of the Sky

   Spells                             Type                      Level
   a - Summon Lightning Spire         Summoning/Air                4
   b - Airstrike                      Air                          4
   c - Silence                        Hexes/Air                    5
   d - Deflect Missiles               Charms/Air                   6
   e - Conjure Ball Lightning         Conjuration/Air              6
   f - Tornado                        Air                          9
 B - a book of the Warp

   Spells                             Type                      Level
   a - Recall                         Summoning/Translocation      3
   b - Gell's Gravitas                Hexes/Translocation          3
   c - Force Lance                    Conjuration/Translocation    4
   d - Phase Shift                    Translocation                5
   e - Warp Weapon                    Charms/Translocation         5
   f - Summon Forest                  Summoning/Translocation      5
Comestibles
 c - 5 bread rations
 f - 2 slices of pizza
 g - 8 meat rations
 n - 3 royal jellies
 p - a beef jerky
 X - 20 fruits


   Skills:
 * Level 10.1 Fighting
 + Level 7.9 Long Blades
 - Level 1.3 Dodging
 * Level 5.6 Spellcasting
 * Level 6.2 Charms
 - Level 0.8 Necromancy
 - Level 2.3 Translocations


You had 9 spell levels left.
You knew the following spells:

 Your Spells              Type           Power        Failure   Level  Hunger
a - Infusion              Chrm           ###...       1%          1    None
b - Shroud of Golubria    Chrm/Tloc      ###.......   4%          2    ##.....
c - Regeneration          Chrm/Necr      ##........   14%         3    ###....
d - Song of Slaying       Chrm           ###.....     1%          2    ##.....
e - Spectral Weapon       Hex/Chrm       ##......     14%         3    ###....


Dungeon Overview and Level Annotations

Branches:
Dungeon (10/15)            Temple (1/1) D:4            Lair (0/8) D:8
    Orc: D:9-12

Altars:
Ashenzari
Cheibriados
Dithmenos
Elyvilon
Fedhas
Gozag
Kikubaaqudgha
Makhleb
Nemelex Xobeh
Okawaru
Qazlal
Ru
Sif Muna
Trog
Vehumet
Xom
Yredelemnul
Zin
The Shining One

Shops:
D:4 [   D:8 ?   D:9 =

Annotations:
D:5 Dowan, Sigmund
D:8 6, Psyche
D:10 Snorg


Innate Abilities, Weirdness & Mutations

You can breathe waves of freezing cold.
You can buffet flying creatures when you breathe cold.
Your icy white scales are hard (AC +7).
Your body does not fit into most forms of armour.
Your flesh is cold resistant.
You are cold-blooded and may be slowed by cold attacks.


Message History

Aim: Snorg (heavily wounded, berserk, fast, unusually strong)
The bolt of negative energy hits Snorg.
Snorg is drained!
Snorg is heavily wounded.
Evoking this partially-identified wand wasted a few charges.
Your magical infusion is running out.
Casting: Shroud of Golubria
Confirm with . or Enter, or press ? or * to list all spells.
You start singing a song of slaying.
Casting: Song of Slaying
Confirm with . or Enter, or press ? or * to list all spells.
Your skin crawls.
The crimson imp barely misses you.
Your skin is crawling a little less now.
You slash the crimson imp!
You kill the crimson imp!
Dithmenos accepts your kill.
You are no longer magically infusing your attacks.
Snorg barely misses you. Snorg claws you!
* * * LOW HITPOINT WARNING * * *
Snorg claws you!
You die...

#......# ### +......#
... #......# ###
#......# ##'##### #.#
#.## #.T# #####@#####
#.........#
#.........#
#.........#
#.........#
#.........############
#....................#
#.........##########..
##.######## ###


You could see Snorg (berserk).

Vanquished Creatures
  Maurice (D:8)
  A tengu conjurer (D:10)
  Grinder (D:4)
  2 deep elf magi
  A hippogriff (D:10)
  A necrophage (D:7)
  2 black bears
  2 ogres
  An ice beast (D:7)
  3 phantoms
  2 centaurs
  A big kobold (D:10)
  2 elf zombies (D:7)
  5 giant frogs
  A water moccasin zombie (D:5)
  2 scorpions
  2 troll zombies (D:7)
  A water moccasin skeleton (D:7)
  5 wights
  2 crimson imps
  8 orc wizards
  2 jellies
  6 worker ants
  2 centaur skeletons
  An orc priest (D:7)
  5 hounds
  2 human zombies (D:7)
  2 iguanas
  A killer bee zombie (D:8)
  A hound skeleton (D:7)
  3 mummies (D:7)
  10 gnolls
  13 adders
  A river rat (D:8)
  An ooze (D:3)
  2 adder zombies
  An adder skeleton (D:5)
  3 worms
  5 giant geckos
  20 orcs
  A ball python (D:1)
  9 bats
  8 giant cockroaches
  7 goblins
  8 hobgoblins
  11 jackals
  8 kobolds
  4 quokkas
  2 giant gecko skeletons
  3 giant newts
  An orc skeleton (D:7)
  11 rats
  4 fungi (D:8)
  2 plants (D:8)
206 creatures vanquished.

Vanquished Creatures (others)
  A deep elf mage (D:9)
  8 fungi (D:8)
  2 plants (D:8)
11 creatures vanquished.

Grand Total: 217 creatures vanquished

Notes
Turn   | Place    | Note
--------------------------------------------------------------
     0 | D:1      | Silverbird the Draconian Skald began the quest for the Orb.
     0 | D:1      | Reached XP level 1. HP: 17/17 MP: 3/3
   102 | D:1      | Reached skill level 3 in Charms
   114 | D:1      | Reached XP level 2. HP: 16/24 MP: 3/5
   122 | D:1      | Learned a level 2 spell: Shroud of Golubria
   756 | D:1      | Reached XP level 3. HP: 30/30 MP: 6/6
  1441 | D:2      | Reached XP level 4. HP: 35/38 MP: 7/7
  2407 | D:2      | Found a bloodstained altar of Trog.
  2788 | D:3      | Found a glowing golden altar of the Shining One.
  2839 | D:3      | Found a sparkling altar of Nemelex Xobeh.
  2936 | D:3      | Reached XP level 5. HP: 46/46 MP: 3/8
  3309 | D:3      | Reached skill level 4 in Fighting
  3609 | D:4      | Found an opulent altar of Gozag.
  3615 | D:4      | Found a shadowy altar of Dithmenos.
  3620 | D:4      | Found a white marble altar of Elyvilon.
  3628 | D:4      | Became a worshipper of Dithmenos the Shadowed
  3754 | D:4      | Reached XP level 6. HP: 40/53 MP: 9/9
  3760 | D:4      | Found Lobbar's Armour Boutique.
  3776 | D:4      | Noticed Grinder
  3781 | D:4      | Killed Grinder
  3781 | D:4      | Reached skill level 5 in Fighting
  3877 | D:4      | Learned a level 3 spell: Regeneration
  3880 | D:4      | Learned a level 2 spell: Song of Slaying
  3888 | D:4      | Your scales start taking on an icy white colour.
  3888 | D:4      | Gained mutation: Your flesh is cold resistant. [White Draconian growth]
  3888 | D:4      | Reached XP level 7. HP: 51/61 MP: 8/11
  3892 | D:4      | Found a staircase to the Ecumenical Temple.
  3922 | Temple   | Entered the Ecumenical Temple
  4228 | D:4      | Found a deep blue altar of Sif Muna.
  4611 | D:5      | Entered Level 5 of the Dungeon
  5009 | D:5      | Reached skill level 1 in Translocations
  5040 | D:5      | Noticed Dowan
  5336 | D:5      | Noticed Sigmund
  5352 | D:4      | Reached skill level 6 in Fighting
  5522 | D:6      | Learned a level 3 spell: Spectral Weapon
  5696 | D:6      | Reached skill level 5 in Long Blades
  5696 | D:6      | Reached XP level 8. HP: 27/71 MP: 9/13
  5940 | D:6      | Reached skill level 7 in Fighting
  6265 | D:7      | Reached skill level 5 in Charms
  6418 | D:7      | Reached skill level 8 in Fighting
  7107 | D:7      | Reached XP level 9. HP: 79/81 MP: 15/15
  7349 | D:7      | Found a basalt altar of Yredelemnul.
  7873 | D:8      | Reached skill level 9 in Fighting
  8128 | D:8      | Found Xoblipno's Magic Scroll Boutique.
  8171 | D:8      | Bought a scroll of identify for 24 gold pieces
  8171 | D:8      | Bought a scroll of teleportation for 36 gold pieces
  8171 | D:8      | Bought a scroll of enchant armour for 90 gold pieces
  8188 | D:8      | Noticed Maurice
  8277 | D:8      | Killed Maurice
  8363 | D:8      | Noticed Psyche
  8687 | D:8      | Found a staircase to the Lair.
  8722 | D:8      | Acquired Dithmenos's first power
  8782 | D:9      | Reached skill level 5 in Spellcasting
  9045 | D:9      | Found Qupse's Jewellery Boutique.
  9123 | D:9      | Reached skill level 10 in Fighting
  9235 | D:9      | Reached XP level 10. HP: 79/93 MP: 17/17
  9321 | D:10     | Entered Level 10 of the Dungeon
  9779 | D:10     | Noticed Snorg
  9795 | D:10     | HP: 4/93 [Snorg (7)]
  9804 | D:10     | HP: 3/93 [Snorg (10)]
  9804 | D:10     | Mangled by Snorg

Vault maps used:
D:1:      dpeg_arrival_leaves_temple_mockup, minmay_misc_feat_x,
          minmay_misc_feat_rugged, minmay_misc_feat_square
D:2:      bloody_trog, minmay_misc_feat_diagonals
D:3:      nicolae_tso_swordbearing_angel, nemelex_altar_shiori, first_bread
D:4:      minitemple, temple_fountains, serial_shops, kennysheep_little_box,
          tgw_sif, uniq_grinder
D:5:      small_statue_intersection, uniq_blork_the_orc, uniq_duvessa,
          uniq_sigmund
D:7:      lemuel_mausoleum_altar_yredelemnul
D:8:      due_lair_maze_entry_diamond, serial_shops, shop, uniq_maurice,
          uniq_psyche
D:9:      serial_shops, shop_coins
D:10:     grunt_tengu_nest, uniq_snorg
Temple:   oiseaux_autumnal_temple_12

Action                   |  1- 3 |  4- 6 |  7- 9 | 10-12 || total
-------------------------+-------+-------+-------+-------++-------
Melee: Falchion          |   161 |    56 |     5 |       ||   222
       Long sword        |       |   119 |   461 |    51 ||   631
 Cast: Infusion          |     2 |     5 |    27 |     5 ||    39
       Shroud of Golubri |     3 |     7 |    14 |     4 ||    28
       Regeneration      |       |       |     3 |     2 ||     5
       Song of Slaying   |       |       |     2 |     2 ||     4
Evoke: Wand              |       |       |     1 |     1 ||     2
  Use: Scroll            |       |     7 |     6 |     1 ||    14
       Potion            |       |     1 |     2 |       ||     3
 Stab: Sleeping          |     1 |       |     1 |       ||     2
       Distracted        |       |       |     1 |       ||     1
  Eat: Chunk             |     2 |     7 |     7 |       ||    16
       Fruit             |       |     1 |     3 |     1 ||     5
       Beef jerky        |       |       |     1 |       ||     1
       Meat ration       |       |       |     1 |       ||     1
       Bread ration      |       |       |     1 |       ||     1
